 Seeded DCSS version 0.30.1-11-g7821555f0a (webtiles) character file.

Game seed: 5 (custom seed)

8775 Kazon the Shield-Bearer (level 11, -20/54 HPs)
             Began as a Vine Stalker Fighter on Dec 22, 2023.
             Was a High Priest of Okawaru.
             Demolished by Snorg (27 damage)
             ... on level 10 of the Dungeon on Dec 23, 2023.
             The game lasted 00:35:21 (7096 turns).

Kazon the Shield-Bearer (Vine Stalker Fighter)      Turns: 7096, Time: 00:35:21

Health: -20/54     AC:  9    Str: 20    XL:     11   Next: 36%
Magic:  0/25       EV: 11    Int:  8    God:    Okawaru [*****.]
Gold:   533        SH: 17    Dex: 23    Spells: 10/10 levels left

rFire   . . .        e - +2 dagger (vamp)
rCold   . . .        c - +0 tower shield
rNeg    . . .        N - +0 steam dragon scales
rPois   .            G - +0 helmet
rElec   .            R - +0 cloak
rCorr   .            s - +0 pair of gloves "Effinte" {-Tele Harm Rampage Regen+}
SInv    .            (no boots)
Will    +....        (no amulet)
Stlth   +++          n - ring of magical power
HPRegen 1.89/turn    B - +6 ring of dexterity
MPRegen 0.19/turn

%: no teleportation, harm (+30% outgoing, +20% incoming), guardian spirit,
rampage
@: finesse-ful
A: fangs 3, regeneration 1, magic shield, antimagic bite, no potion heal 2
a: Renounce Religion, Heroism, Finesse, Duel


You were on level 10 of the Dungeon.
You worshipped Okawaru.
Okawaru was extremely pleased with you.
You visited 2 branches of the dungeon, and saw 11 of its levels.
You also visited: Ossuary.

You collected 704 gold pieces.
You spent 171 gold pieces at shops.

Inventory:

Hand Weapons
 e - a +2 vampiric dagger (weapon)
 f - a +0 hand axe of flaming
 h - a +2 dagger of holy wrath
 q - the +4 rapier of Irghaadgh {heavy, rC+ Will++}
   (Okawaru gifted it to you on level 8 of the Dungeon)

   rC:        It protects you from cold.
   Will:      It greatly increases your willpower.
 v - a +0 vampiric hand axe
Missiles
 k - 17 boomerangs
 u - 14 poisoned darts (quivered)
 P - 2 throwing nets
Armour
 c - a +0 tower shield (worn)
 s - the +0 pair of gloves "Effinte" (worn) {-Tele Harm Rampage Regen+}
   (You acquired it on level 1 of the Dungeon)

   -Tele:     It prevents most forms of teleportation.
   Regen:     It increases your rate of health regeneration.
   Harm:      It increases damage dealt and taken.
   Rampage:   It bestows one free step when moving towards enemies.
 G - a +0 helmet (worn)
 N - +0 steam dragon scales (worn)
 R - a +0 cloak (worn)
Jewellery
 n - a ring of magical power (left hand)
 B - a +6 ring of dexterity (right hand)
Wands
 b - a wand of light (7)
 C - a wand of paralysis (8)
 O - a wand of digging (7)
 Q - a wand of polymorph (3)
Scrolls
 g - 2 scrolls of fog {unknown}
 j - 2 scrolls of blinking {unknown}
 o - 4 scrolls of identify
 r - 2 scrolls of magic mapping {unknown}
 t - 3 scrolls of teleportation {unknown}
 y - a scroll of amnesia {unknown}
 z - a scroll of torment {unknown}
 F - a scroll of poison {unknown}
 H - a scroll of enchant armour {unknown}
 L - 2 scrolls of fear {unknown}
 M - a scroll of enchant weapon {unknown}
Potions
 a - a potion of ambrosia {unknown}
 d - a potion of might
 i - 2 potions of invisibility {unknown}
 l - a potion of lignification {unknown}
 m - a potion of magic
 p - 5 potions of curing
 w - 2 potions of berserk rage {unknown}
 x - 5 potions of flight {unknown}
 A - 5 potions of heal wounds
 D - a potion of cancellation {unknown}
 E - 4 potions of attraction {unknown}
 I - a potion of resistance {unknown}
 J - a potion of haste {unknown}
 K - 3 potions of brilliance {unknown}


   Skills:
 + Level 4.8 Fighting
 + Level 4.7(4.9) Short Blades
 + Level 2.0(3.6) Long Blades
 + Level 2.1(2.9) Axes
 + Level 3.0(3.4) Maces & Flails
 + Level 5.5 Throwing
 + Level 5.2 Armour
 + Level 3.0 Dodging
 + Level 4.6 Stealth
 + Level 7.8 Shields
 + Level 5.9 Invocations
 + Level 5.1 Evocations


You had 10 spell levels left.
You didn't know any spells.
Your spell library contained the following spells:

 Spells                   Type           Power      Damage    Failure   Level
 Frozen Ramparts          Ice            0%         1d1       100%        3
 Ignite Poison            Fire/Tmut/Pois 0%         N/A       100%        3
 Ice Form                 Ice/Tmut       0%         N/A       100%        4
 Sticky Flame             Conj/Fire      0%         2d3       100%        4
 Alistair's Intoxication  Tmut/Pois      0%         N/A       100%        5
 Borgnjor's Vile Clutch   Necr/Erth      0%         N/A       100%        5
 Eringya's Noxious Bog    Tmut/Pois      0%         N/A       100%        6
 Ignition                 Fire           0%         3d3       100%        8
 Summon Ice Beast         Ice/Summ       Unusable   N/A       N/A         4
 Summon Forest            Summ/Tloc      Unusable   N/A       N/A         5
 Summon Hydra             Summ           Unusable   N/A       N/A         7

Dungeon Overview and Level Annotations

Branches:
Dungeon (10/15)            Temple (1/1) D:4            Lair (0/5) D:8
Ossuary (visited)
    Orc: D:9-12

Altars:
Dithmenos
Fedhas
Gozag
Hepliaklqana
Okawaru
Qazlal
Trog
Uskayaw
Wu Jian
Xom
The Shining One

Shops:
D:8 *

Annotations:
D:10 Snorg


Innate Abilities, Weirdness & Mutations

You have razor-sharp teeth.
Your natural rate of healing is unusually fast.
When hurt, damage is shared between your health and your magic reserves.
Your bite disrupts and absorbs the magic of your enemies.
Potions cannot restore your health.


Message History

Snorg is lightly wounded.
You hit Snorg. You bite Snorg! You drain her power.
Snorg is lightly wounded.
Snorg bites you.
You block Snorg's attack. x2; The wight misses you.
You hit Snorg.
Snorg is lightly wounded.
You block Snorg's attack. Snorg closely misses you. You block Snorg's attack.
You hit Snorg.
You feel better.
Snorg is moderately wounded.
You block the wight's attack. You block Snorg's attack. Snorg claws you!
You block Snorg's attack.
You hit Snorg.
You feel better.
Your bite misses Snorg.
Snorg is moderately wounded.
You hit Snorg.
You feel better.
You bite Snorg. You drain her power.
You feel invigorated.
Snorg is moderately wounded.
You block Snorg's attack. Snorg claws you! You block Snorg's attack.
You block the wight's attack. The wight barely misses you.
You hit Snorg.
Snorg is moderately wounded.
You block Snorg's attack. Snorg claws you! You block Snorg's attack.
You hit Snorg. You bite Snorg! You drain her power.
You feel invigorated.
Snorg is heavily wounded.
You block the wight's attack. x2; Snorg bites you!!
Snorg closely misses you. Snorg claws you!
* * * LOW HITPOINT WARNING * * *
You hit Snorg.
Snorg is heavily wounded.
You block Snorg's attack. Snorg barely misses you. Snorg claws you.
* * * LOW HITPOINT WARNING * * *
You hit Snorg.
You feel better.
Snorg is heavily wounded.
The wight hits you with a +0 falchion.
* * * LOW HITPOINT WARNING * * *
You block the wight's attack.
You hit Snorg.
Snorg is heavily wounded.
Snorg bites you!!
Ouch! That really hurt!
You die...

#. #.. # #... .###
#...##########....
#......................
.......................
......................
.......@............#
......zzT...........#
..###...............#
#...............###
#.................#
#..######.........# #..
#.#####...# #.. #.#
#...# #.. #.# #...#


You could see Snorg (berserk) and 2 wights.

Vanquished Creatures
  A two-headed ogre (D:7)
  Maurice (D:9)
  2 polar bears (D:8)
  A hornet (D:9)
  2 shadows (D:9)
  2 vampires (D:9)
  Sigmund (D:4)
  A wyvern (D:8)
  3 basilisks (D:8)
  A yak (D:8)
  A steam dragon (D:8)
  Duvessa (D:6)
  6 water moccasins
  An ice beast (D:8)
  An orc warrior (D:9)
  A sky beast (D:7)
  5 black bears
  3 wolves (D:8)
  5 centaurs
  2 ogres
  An elf zombie (Ossuary)
  2 kobold brigands
  A bullfrog (D:8)
  A gnoll sergeant (D:8)
  3 scorpions
  16 wights
  8 killer bees
  Dowan (D:6)
  4 howler monkeys
  A vampire bat (D:7)
  An electric eel (D:8)
  6 hounds
  A wyvern simulacrum (D:8)
  A centaur zombie (Ossuary)
  5 orc priests
  3 human zombies (Ossuary)
  A jelly (D:5)
  8 orc wizards
  6 iguanas
  4 ogre zombies (Ossuary)
  A centaur simulacrum (D:8)
  7 mummies (Ossuary)
  11 gnolls
  9 adders
  A shadow imp (D:8)
  A white imp (D:7)
  2 ufetubi
  A worm zombie (D:7)
  2 adder zombies (Ossuary)
  3 worms
  25 orcs
  12 bats
  9 endoplasms
  A giant cockroach (D:1)
  12 goblins
  7 hobgoblins
  11 jackals
  15 kobolds
  3 quokkas (D:4)
  6 ball pythons
  3 frilled lizards
  4 goblin zombies (Ossuary)
  6 hobgoblin zombies
  3 kobold zombies
  4 quokka zombies (Ossuary)
  4 rats
  4 rat zombies (Ossuary)
282 creatures vanquished.

Notes
Turn   | Place    | Note
-------+----------+-------------------------------------------
     0 | D:1      | Kazon the Vine Stalker Fighter began the quest for the Orb.
     0 | D:1      | Reached XP level 1. HP: 11/11 MP: 2/2
    52 | D:1      | Identified a scroll of acquirement
    52 | D:1      | Acquired the +0 pair of gloves "Effinte" {-Tele Harm
                  | Rampage Regen+}
    58 | D:1      | Reached XP level 2. HP: 8/16 MP: 3/3
   225 | D:1      | Reached skill level 3 in Shields
   298 | D:1      | Reached XP level 3. HP: 20/20 MP: 4/4
   940 | D:2      | Gained mutation: Your natural rate of healing is unusually
                  | fast. [Vine Stalker growth]
   940 | D:2      | Reached XP level 4. HP: 24/24 MP: 3/5
  1300 | D:2      | Reached skill level 1 in Dodging
  1350 | D:2      | Reached skill level 1 in Throwing
  1556 | D:3      | Found a blossoming altar of Fedhas.
  1565 | D:3      | Reached XP level 5. HP: 28/28 MP: 6/6
  1731 | D:3      | Identified the +2 sling "Qeuhanocyt" {speed, rElec Str-3
                  | Dex+2}
  1761 | D:3      | Found a stormy altar of Qazlal.
  1934 | D:3      | Found a faded altar of an unknown god.
  1991 | D:4      | Found a staircase to the Ecumenical Temple.
  1999 | Temple   | Entered the Ecumenical Temple
  2014 | Temple   | Became a worshipper of Warmaster Okawaru
  2187 | D:4      | Noticed Sigmund
  2201 | D:4      | Killed Sigmund
  2201 | D:4      | Reached * piety under Okawaru
  2202 | D:4      | Reached skill level 1 in Short Blades
  2202 | D:4      | Reached skill level 1 in Axes
  2202 | D:4      | Reached skill level 1 in Invocations
  2202 | D:4      | Reached XP level 6. HP: 32/32 MP: 8/8
  2227 | D:4      | Noticed a black bear
  2245 | D:4      | Killed a black bear
  2246 | D:4      | Reached XP level 7. HP: 36/36 MP: 9/9
  2250 | D:4      | Found a hazy altar of Hepliaklqana.
  2251 | D:4      | Found a shadowy altar of Dithmenos.
  2251 | D:4      | Noticed a shadow
  2314 | D:4      | Reached skill level 4 in Shields
  2781 | D:5      | Entered Level 5 of the Dungeon
  2947 | D:5      | Reached ** piety under Okawaru
  2986 | D:5      | HP: 1/36 [gnoll/+0 whip (4)]
  2988 | D:5      | Reached skill level 1 in Evocations
  2988 | D:5      | Gained mutation: You have razor-sharp teeth. [Vine Stalker
                  | growth]
  2988 | D:5      | Reached XP level 8. HP: 3/40 MP: 0/10
  3245 | D:6      | Noticed Dowan
  3246 | D:6      | Noticed Duvessa
  3253 | D:6      | Killed Dowan
  3257 | D:6      | Killed Duvessa
  3258 | D:6      | Reached skill level 1 in Stealth
  3376 | D:6      | Found a shimmering altar of Xom.
  3511 | D:6      | Reached *** piety under Okawaru
  3611 | D:6      | Reached skill level 5 in Shields
  3703 | D:7      | Reached XP level 9. HP: 41/45 MP: 12/12
  3797 | D:7      | Reached **** piety under Okawaru
  3826 | D:7      | Found a sand-covered staircase.
  3839 | Ossuary  | Entered an ossuary
  4118 | Ossuary  | Reached skill level 1 in Maces & Flails
  4312 | D:7      | Noticed a two-headed ogre
  4322 | D:7      | Killed a two-headed ogre
  4322 | D:7      | Reached ***** piety under Okawaru
  4323 | D:7      | Reached skill level 6 in Shields
  4399 | D:7      | Reached XP level 10. HP: 46/50 MP: 14/14
  4902 | D:8      | Identified the +4 rapier of Irghaadgh {heavy, rC+ Will++}
                  | (Okawaru gifted it to you on level 8 of the Dungeon)
  4902 | D:8      | Received a gift from Okawaru
  5117 | D:8      | Reached skill level 5 in Throwing
  5132 | D:8      | Reached skill level 5 in Armour
  5134 | D:8      | Reached skill level 7 in Shields
  5134 | D:8      | Found a staircase to the Lair.
  5175 | D:8      | Reached skill level 5 in Invocations
  5200 | D:8      | Found Izo Qiri's Assorted Antiques.
  5212 | D:8      | Bought a scroll labelled JIYFIZX FOFUA for 29 gold pieces
  5212 | D:8      | Bought a sedimented brown potion for 26 gold pieces
  5212 | D:8      | Bought a curved iron wand for 116 gold pieces
  5499 | D:8      | Reached XP level 11. HP: 54/54 MP: 16/16
  6213 | D:9      | Reached skill level 5 in Evocations
  6388 | D:9      | Paralysed by a hornet for 3 turns
  6390 | D:9      | HP: 2/54 [centaur (2)]
  6428 | D:9      | Noticed Maurice
  6462 | D:9      | Killed Maurice
  6949 | D:10     | Entered Level 10 of the Dungeon
  7078 | D:10     | Noticed Snorg
  7096 | D:10     | Demolished by Snorg

Illustrated notes

Levels and vault maps discovered:
D:1:      ebering_trefoil_3fold, layout_basic, st_stairs_14, serial_bayou_ford_a
D:2:      layout_basic, hangedman_decor_growths, minmay_close_crescents
D:3:      layout_rooms, mainiacjoe_overflow_concentric_impassable,
          mainiacjoe_overflow_paths, shapermc_ecumenical_altar_acropolis,
          chequers_serial_rivers_micro_b
D:4:      layout_basic, riverfiend_overflow_shadow_ancestor,
          minmay_temple_entry_glass, uniq_sigmund
D:5:      layout_gridville
D:6:      layout_basic, xom_teletrap_fun, uniq_duvessa
D:7:      layout_loops_ring, enter_ossuary_3, roderic_batcave
D:8:      layout_layer_cave, minmay_lair_entry_grove, serial_shops,
          nicolae_lakefront_shop, serial_ice, serial_ice_o, serial_ice_d,
          serial_ice_k, serial_ice_a
D:9:      layout_loops_ring, nicolae_wwwww, uniq_maurice
D:10:     layout_irregular_city, led_sif_pool, uniq_snorg
Temple:   nicolae_temple_elliptical

Skill      XL: |  1  2  3  4  5  6  7  8  9 10 11 |
---------------+----------------------------------+-----
Long Blades    | 2 |  2.0
Fighting       | 3 4 |  4.8
Shields        | 3 4 5 6 7 |  7.8
Armour         | 3 4 5 |  5.2
Dodging        | 1 2 3 |  3.0
Throwing       | 1 2 3 4 5 |  5.5
Short Blades   | 1 2 3 4 |  4.7
Axes           | 1 2 |  2.1
Invocations    | 1 2 3 4 5 |  5.9
Evocations     | 1 2 3 4 5 |  5.1
Stealth        | 2 4 |  4.6
Maces & Flails | 2 3 |  3.0

Action                     |  1- 3 |  4- 6 |  7- 9 | 10-12 || total
---------------------------+-------+-------+-------+-------++-------
  Melee: Long sword        |    56 |       |       |       ||    56
         Bite              |    26 |    39 |   167 |   113 ||   345
         Hand axe          |    35 |    67 |    90 |       ||   192
         Dagger            |       |    65 |   231 |   109 ||   405
         Whip              |       |       |   101 |    28 ||   129
         Rapier            |       |       |       |   193 ||   193
  Throw: Stone             |       |     7 |    42 |     5 ||    54
         Dart              |       |     1 |    10 |     9 ||    20
         Boomerang         |       |       |       |     4 ||     4
 Invoke: Heroism           |       |       |     1 |     5 ||     6
         Finesse           |       |       |       |     1 ||     1
    Use: Scroll            |     2 |       |     1 |     1 ||     4
         Potion            |       |       |       |     2 ||     2
   Stab: Sleeping          |       |       |    10 |     4 ||    14
         Distracted        |       |       |       |     2 ||     2
 Armour: Scale mail        |    40 |    43 |   128 |    36 ||   247
         Steam dragon scal |       |       |       |    63 ||    63
  Dodge: Dodged            |    22 |    20 |    76 |   126 ||   244
  Block: Buckler           |    13 |       |       |       ||    13
         Tower shield      |    32 |    81 |   367 |   371 ||   851
